EL
MOBILE BAYBEARS @ ALTOONA CURVE
09/03/2046
 
TOP OF THE 1ST
Mobile BayBears batting - Pitching for Altoona Curve : RHP Alex Romero
Pitching: RHP Alex Romero
Batting: LHB Kevin Ferguson 0-0: Swinging Strike
0-1: Ball
1-1: Ball
2-1: Foul Ball, location: 2F
2-2: Ball
3-2: Base on Balls
Batting: LHB Willie Gutierrez 0-0: Called Strike
0-1: Called Strike
0-2: Fly out, F8 (Flyball, 89D, EV 105.0 MPH)
Batting: RHB Chris Bittner 0-0: Called Strike
0-1: Called Strike
0-2: Strikes out looking
Batting: RHB Marlon Reda 0-0: Called Strike
0-1: Ball
1-1: Ground out 4-3 (Groundball, 34, EV 95.6 MPH)
Top of the 1st over - 0 runs, 0 hits, 0 errors, 1 left on base; Mobile 0 - Altoona 0
BOTTOM OF THE 1ST
Altoona Curve batting - Pitching for Mobile BayBears : RHP Adam Silbert
Pitching: RHP Adam Silbert
Batting: RHB Ron Corn 0-0: Ball
1-0: Foul Ball, location: 2F
1-1: Hit by Pitch
Batting: RHB Nelson Ozuna 0-0: Swinging Strike
0-1: Called Strike
Ron Corn steals 2nd base (no throw)
0-2: Ball
1-2: Ball
2-2: Strikes out swinging
Batting: RHB Jose Almonte 0-0: Fly out, F6 (Line Drive, 6, EV 66.2 MPH)
Batting: RHB Chris Pozzi 0-0: SINGLE (Groundball, 4D, EV 98.8 MPH)
Ron Corn to third
Runner from 3rd tries for Home, SAFE, throw by CF to home
Chris Pozzi to second
Batting: SHB Jerry Massey 0-0: Ball
1-0: 2-RUN HOME RUN (Flyball, 9D, EV 102.5 MPH), Distance : 381 ft
Batting: RHB Killian Jones 0-0: Foul Ball, location: 2F
0-1: Swinging Strike
0-2: Ball
1-2: Ball
2-2: Strikes out swinging
Bottom of the 1st over - 3 runs, 2 hits, 0 errors, 0 left on base; Mobile 0 - Altoona 3
TOP OF THE 2ND
Mobile BayBears batting - Pitching for Altoona Curve : RHP Alex Romero
Batting: RHB Andy Schuett 0-0: Called Strike
0-1: Foul Ball, location: 2F
0-2: Ball
1-2: Foul Ball, location: 2F
1-2: SINGLE (Groundball, 6M, EV 110.6 MPH) (infield hit)
Batting: RHB Franklin Villanueva 0-0: SINGLE (Groundball, 34D, EV 105.0 MPH)
Andy Schuett to second
Runner from 2nd tries for 3rd, SAFE, throw by RF made at trailing runner, OUT! 9-6
Batting: RHB Dustin Legault 0-0: Foul Ball, location: 2F
0-1: Swinging Strike
0-2: Ball
1-2: Ball
2-2: Strikes out swinging
Batting: RHB Yasuo Nakata 0-0: Swinging Strike
0-1: Ground out 5-3 (Groundball, 5, EV 85.6 MPH)
Top of the 2nd over - 0 runs, 2 hits, 0 errors, 1 left on base; Mobile 0 - Altoona 3
BOTTOM OF THE 2ND
Altoona Curve batting - Pitching for Mobile BayBears : RHP Adam Silbert
Batting: RHB Tim Moore 0-0: SINGLE (Groundball, 6MS, EV 81.2 MPH) (infield hit)
Batting: RHB Chris Beckham 0-0: Foul Ball, location: 2F
0-1: Called Strike
0-2: Ball
1-2: Foul Ball, location: 2F
1-2: Strikes out swinging
Batting: RHB Pleun Smit 0-0: Ball
1-0: Foul Ball, location: 2F
1-1: Ball
2-1: Foul Ball, location: 2F
2-2: Fielders Choice at 2nd, 6-4 (Groundball, 6, EV 87.5 MPH)
Batting: RHB Ron Corn 0-0: Called Strike
0-1: Ball
1-1: Ball
2-1: Called Strike
2-2: Ball
3-2: Strikes out swinging
Bottom of the 2nd over - 0 runs, 1 hit, 0 errors, 1 left on base; Mobile 0 - Altoona 3
TOP OF THE 3RD
Mobile BayBears batting - Pitching for Altoona Curve : RHP Alex Romero
Batting: RHB Curt Barrett 0-0: Ball
1-0: Ground out 5-3 (Groundball, 15, EV 88.1 MPH)
Batting: LHB Kevin Ferguson 0-0: Called Strike
0-1: Ball
1-1: Called Strike
1-2: Strikes out looking
Batting: LHB Willie Gutierrez 0-0: Ball
1-0: Foul Ball, location: 2F
1-1: Ball
2-1: Called Strike
2-2: Strikes out looking
Top of the 3rd over - 0 runs, 0 hits, 0 errors, 0 left on base; Mobile 0 - Altoona 3
BOTTOM OF THE 3RD
Altoona Curve batting - Pitching for Mobile BayBears : RHP Adam Silbert
Batting: RHB Nelson Ozuna 0-0: Swinging Strike
0-1: Foul Ball, location: 2F
0-2: Foul Ball, location: 2F
0-2: Ball
1-2: Ground out 6-3 (Groundball, 6, EV 98.1 MPH)
Batting: RHB Jose Almonte 0-0: Called Strike
0-1: Ball
1-1: Hit by Pitch
Batting: RHB Chris Pozzi 0-0: Ball
1-0: Fielders Choice at 2nd, 6-4 (Groundball, 6, EV 97.5 MPH)
Batting: SHB Jerry Massey 0-0: Ball
1-0: Swinging Strike
1-1: Ball
2-1: Called Strike
2-2: Foul Ball, location: 2F
2-2: Strikes out swinging
Bottom of the 3rd over - 0 runs, 0 hits, 0 errors, 1 left on base; Mobile 0 - Altoona 3
TOP OF THE 4TH
Mobile BayBears batting - Pitching for Altoona Curve : RHP Alex Romero
Batting: RHB Chris Bittner 0-0: Ground out 5-3 (Groundball, 56S, EV 68.1 MPH)
Batting: RHB Marlon Reda 0-0: Called Strike
0-1: Ball
1-1: Swinging Strike
1-2: Ball
2-2: Ground out 3-1 (Groundball, 13, EV 86.9 MPH)
Batting: RHB Andy Schuett 0-0: Ball
1-0: Fly out, F9 (Flyball, 89M, EV 92.5 MPH)
Top of the 4th over - 0 runs, 0 hits, 0 errors, 0 left on base; Mobile 0 - Altoona 3
BOTTOM OF THE 4TH
Altoona Curve batting - Pitching for Mobile BayBears : RHP Adam Silbert
Batting: RHB Killian Jones 0-0: Ball
1-0: Ball
2-0: Called Strike
2-1: Ball
3-1: Called Strike
3-2: Fly out, F4 (Line Drive, 4, EV 70.6 MPH)
Batting: RHB Tim Moore 0-0: Ball
1-0: Called Strike
1-1: Ball
2-1: Fly out, F9 (Flyball, 89S, EV 83.1 MPH)
Batting: RHB Chris Beckham 0-0: Foul Ball, location: 2F
0-1: Ball
1-1: Ball
2-1: Ball
3-1: Called Strike
3-2: Strikes out swinging, 2-3 out at first.
Bottom of the 4th over - 0 runs, 0 hits, 0 errors, 0 left on base; Mobile 0 - Altoona 3
TOP OF THE 5TH
Mobile BayBears batting - Pitching for Altoona Curve : RHP Alex Romero
Batting: RHB Franklin Villanueva 0-0: Ball
1-0: Swinging Strike
1-1: Foul Ball, location: 2F
1-2: Ball
2-2: Ball
3-2: Strikes out swinging
Batting: RHB Dustin Legault 0-0: Swinging Strike
0-1: Ball
1-1: Called Strike
1-2: Ball
2-2: Ball
3-2: Ground out 4-3 (Groundball, 4S, EV 71.9 MPH)
Batting: RHB Yasuo Nakata 0-0: Ball
1-0: Called Strike
1-1: Ball
2-1: DOUBLE (Flyball, 8RXD, EV 101.2 MPH)
Batting: RHB Curt Barrett 0-0: Called Strike
0-1: Foul Ball, location: 2F
0-2: Ball
1-2: DOUBLE (Flyball, 89D, EV 103.1 MPH)
Yasuo Nakata scores
Batting: LHB Kevin Ferguson 0-0: Fly out, F9 (Line Drive, 89M, EV 93.8 MPH)
Top of the 5th over - 1 run, 2 hits, 0 errors, 1 left on base; Mobile 1 - Altoona 3
BOTTOM OF THE 5TH
Altoona Curve batting - Pitching for Mobile BayBears : RHP Adam Silbert
Batting: RHB Pleun Smit 0-0: Foul Ball, location: 2F
0-1: Foul Ball, location: 2F
0-2: Ball
1-2: Ball
2-2: Ground out 5-3 (Groundball, 5, EV 85.0 MPH)
Batting: RHB Ron Corn 0-0: Called Strike
0-1: TRIPLE (Flyball, 9LD, EV 107.5 MPH)
Batting: RHB Nelson Ozuna 0-0: Ball
1-0: Fly out, F8 (Flyball, 89D, EV 104.4 MPH)
Runner from 3rd tags up, SCORES, no throw by CF
Batting: RHB Jose Almonte 0-0: Swinging Strike
0-1: Ball
1-1: Ground out 3-1 (Groundball, 34, EV 108.1 MPH)
Bottom of the 5th over - 1 run, 1 hit, 0 errors, 0 left on base; Mobile 1 - Altoona 4
TOP OF THE 6TH
Mobile BayBears batting - Pitching for Altoona Curve : RHP Alex Romero
Batting: LHB Willie Gutierrez 0-0: Ground out 4-3 (Groundball, 4, EV 86.9 MPH)
Batting: RHB Chris Bittner 0-0: Swinging Strike
0-1: Ball
1-1: Foul Ball, location: 2F
1-2: Ball
2-2: Strikes out looking
Batting: RHB Marlon Reda 0-0: Ball
1-0: Ball
2-0: Called Strike
2-1: Foul Ball, location: 2F
2-2: Ball
3-2: Strikes out swinging
Top of the 6th over - 0 runs, 0 hits, 0 errors, 0 left on base; Mobile 1 - Altoona 4
BOTTOM OF THE 6TH
Altoona Curve batting - Pitching for Mobile BayBears : RHP Adam Silbert
Batting: RHB Chris Pozzi 0-0: Ball
1-0: Ball
2-0: Ball
3-0: Base on Balls
Batting: SHB Jerry Massey 0-0: Ball
1-0: Ball
Chris Pozzi steals 2nd base
2-0: Ball
3-0: Called Strike
3-1: Ground out 4-3 (Groundball, 4, EV 81.9 MPH)
Chris Pozzi to third
Pitching: RHP Nate Bixler
Batting: RHB Killian Jones 0-0: Ball
1-0: Ball
2-0: Called Strike
2-1: Fly out, F8 (Flyball, 8RM, EV 93.8 MPH)
Runner from 3rd tags up, SCORES, throw by CF
Batting: RHB Tim Moore 0-0: Swinging Strike
0-1: DOUBLE (Flyball, 8RD, EV 93.8 MPH)
Batting: RHB Chris Beckham 0-0: Intentional Walk
Batting: RHB Pleun Smit 0-0: Swinging Strike
0-1: Foul Ball, location: 2F
0-2: Strikes out swinging
Bottom of the 6th over - 1 run, 1 hit, 0 errors, 2 left on base; Mobile 1 - Altoona 5
TOP OF THE 7TH
Mobile BayBears batting - Pitching for Altoona Curve : RHP Alex Romero
Pitching: RHP Dave Weinraub
Batting: RHB Andy Schuett 0-0: Called Strike
0-1: Swinging Strike
0-2: Ball
1-2: Foul Ball, location: 2F
1-2: Foul Ball, location: 2F
1-2: Foul Ball, location: 2F
1-2: Ball
2-2: Strikes out swinging
Batting: RHB Franklin Villanueva 0-0: Foul Ball, location: 2F
0-1: Swinging Strike
0-2: Ball
1-2: Strikes out swinging
Batting: RHB Dustin Legault 0-0: Called Strike
0-1: Swinging Strike
0-2: Ball
1-2: Strikes out swinging
Top of the 7th over - 0 runs, 0 hits, 0 errors, 0 left on base; Mobile 1 - Altoona 5
BOTTOM OF THE 7TH
Altoona Curve batting - Pitching for Mobile BayBears : RHP Nate Bixler
Batting: RHB Ron Corn 0-0: Ball
1-0: Reached on error, E1 (Groundball, 13, EV 68.8 MPH)
Batting: RHB Nelson Ozuna 0-0: Ball
Ron Corn is caught stealing 2nd base 2-4
1-0: Called Strike
1-1: Fly out, F8 (Flyball, 8LM, EV 93.8 MPH)
Batting: RHB Jose Almonte 0-0: Called Strike
0-1: Foul Ball, location: 2F
0-2: Fly out, F3 (Popup, 3, EV 63.8 MPH)
Bottom of the 7th over - 0 runs, 0 hits, 1 error, 0 left on base; Mobile 1 - Altoona 5
TOP OF THE 8TH
Mobile BayBears batting - Pitching for Altoona Curve : RHP Dave Weinraub
Batting: RHB Yasuo Nakata 0-0: Foul Ball, location: 2F
0-1: Ball
1-1: Ball
2-1: Ball
3-1: Called Strike
3-2: Base on Balls
Batting: RHB Curt Barrett 0-0: Foul Ball, location: 2F
0-1: Foul Ball, location: 2F
0-2: Foul Ball, location: 2F
0-2: Fly out, F9 (Line Drive, 9D, EV 92.5 MPH)
Batting: LHB Kevin Ferguson 0-0: Called Strike
0-1: Ball
1-1: Ball
2-1: SINGLE (Groundball, 6MD, EV 98.8 MPH)
Yasuo Nakata to second
Runner from 2nd tries for 3rd, SAFE after rundown.
Batting: LHB Willie Gutierrez 0-0: Called Strike
0-1: Called Strike
0-2: Strikes out swinging
Batting: RHB Chris Bittner 0-0: Foul Ball, location: 2F
0-1: Foul Ball, location: 2F
0-2: Ball
1-2: Fielders Choice at 2nd, 6-4 (Groundball, 6, EV 91.9 MPH)
Top of the 8th over - 0 runs, 1 hit, 0 errors, 2 left on base; Mobile 1 - Altoona 5
BOTTOM OF THE 8TH
Altoona Curve batting - Pitching for Mobile BayBears : RHP Nate Bixler
Pitching: LHP Eric Dennis
Batting: RHB Chris Pozzi 0-0: Ball
1-0: Foul Ball, location: 2F
1-1: Fly out, F7 (Flyball, 78D, EV 96.9 MPH)
Batting: SHB Jerry Massey 0-0: Called Strike
0-1: Swinging Strike
0-2: Ball
1-2: Ball
2-2: Strikes out swinging
Batting: RHB Killian Jones 0-0: Ball
1-0: Called Strike
1-1: Foul Ball, location: 2F
1-2: Strikes out swinging
Bottom of the 8th over - 0 runs, 0 hits, 0 errors, 0 left on base; Mobile 1 - Altoona 5
TOP OF THE 9TH
Mobile BayBears batting - Pitching for Altoona Curve : RHP Dave Weinraub
Pitching: RHP Doug Rawson
Batting: RHB Marlon Reda 0-0: Swinging Strike
0-1: Swinging Strike
0-2: Strikes out swinging
Batting: RHB Andy Schuett 0-0: Ball
1-0: Foul Ball, location: 2F
1-1: Foul Ball, location: 2F
1-2: Ball
2-2: Ground out 6-3 (Groundball, 6S, EV 61.2 MPH)
Batting: RHB Franklin Villanueva 0-0: Ball
1-0: Ball
2-0: Called Strike
2-1: Ball
3-1: SINGLE (Line Drive, 56D, EV 98.8 MPH)
Batting: RHB Dustin Legault 0-0: Foul Ball, location: 2F
0-1: Ball
1-1: Swinging Strike
1-2: Strikes out looking
Top of the 9th over - 0 runs, 1 hit, 0 errors, 1 left on base; Mobile 1 - Altoona 5
Tuesday, September 13th , 2022 - OOTP Baseball 23.7 Build 88